 Dungeon Crawl Stone Soup version 0.19.1-1-g22dce08 (webtiles) character file.

564 ImaNewbie the Vexing (level 7, -1/36 HPs)
             Began as a Kobold Enchanter on Jan 8, 2017.
             Slain by a killer bee zombie (8 damage)
             ... on level 5 of the Dungeon.
             The game lasted 00:13:43 (6044 turns).

ImaNewbie the Vexing (Kobold Enchanter)             Turns: 6044, Time: 00:13:44

Health: -1/36      AC:  9    Str:  5    XL:     7   Next: 58%
Magic:  8/8        EV: 15    Int: 16    God:
Gold:   289        SH:  0    Dex: 18    Spells: 4 memorised, 1 level left

rFire  . . .     SeeInvis .     a - +1 dagger
rCold  + . .     Gourm    .     z - +1 robe
rNeg   . . .     Faith    .     (shield restricted)
rPois  +         Spirit   .     B - +0 helmet
rElec  .         Reflect  .     (no cloak)
rCorr  .         Harm     .     (no gloves)
MR     +....     Rnd*Rage +     n - +2 pair of boots
Stlth  +++.......               (no amulet)
                                (no ring)
                                t - ring of protection from magic

@: no status effects
A: iridescent scales 1, berserk 1, carnivore 3, cold resistance 1, low mp 2,
poison resistance, evolution 1, subdued magic 1
a: no special abilities


You were on level 5 of the Dungeon.
You were completely stuffed.

You visited 1 branch of the dungeon, and saw 5 of its levels.

You collected 289 gold pieces.

Inventory:

Hand Weapons
 a - a +1 dagger (weapon)
 b - a +0 blowgun
Missiles
 g - 8 poisoned needles
 k - 39 bolts
Armour
 n - a +2 pair of boots (worn)
 z - a +1 robe (worn)
 B - a +0 helmet (worn)
 F - a +1 leather armour of cold resistance
Jewellery
 t - a ring of protection from magic (left hand)
Wands
 H - a wand of enslavement (17/24)
Scrolls
 e - a scroll of immolation
 i - 3 scrolls of remove curse {unknown}
 l - a scroll of amnesia {unknown}
 m - a scroll of random uselessness {unknown}
 r - 3 scrolls of identify
 u - 4 scrolls of enchant armour {unknown}
 w - 2 scrolls of magic mapping {unknown}
 x - 2 scrolls of noise {unknown}
 C - a scroll of fear {unknown}
Potions
 f - 3 potions of curing
 h - a potion of cure mutation {unknown}
 j - a potion of agility
 o - a potion of berserk rage
 p - 2 potions of resistance
 s - 2 potions of brilliance
 v - a potion of might {unknown}
 A - a potion of magic {unknown}
 E - a potion of invisibility {unknown}
Books
 c - a book of Maledictions

   Spells                             Type                      Level
   a - Corona                         Hexes                        1
   b - Ensorcelled Hibernation        Hexes/Ice                    2
   c - Confuse                        Hexes                        3
   d - Tukima's Dance                 Hexes                        3
   e - Dazzling Spray                 Conjuration/Hexes            3
 q - a book of Changes

   Spells                             Type                      Level
   a - Beastly Appendage              Transmutation                1
   b - Sticks to Snakes               Transmutation                2
   c - Spider Form                    Transmutation/Poison         3
   d - Ice Form                       Ice/Transmutation            4
   e - Blade Hands                    Transmutation                5
 y - a book of Misfortune

   Spells                             Type                      Level
   a - Confusing Touch                Hexes                        1
   b - Confuse                        Hexes                        3
   c - Gell's Gravitas                Hexes/Translocation          3
   d - Petrify                        Transmutation/Earth          4
   e - Metabolic Englaciation         Hexes/Ice                    5
   f - Yara's Violent Unravelling     Hexes/Transmutation          5
Comestibles
 d - 2 meat rations
 D - a beef jerky
 G - a chunk of flesh


   Skills:
 - Level 5.5 Short Blades
 - Level 2.4 Dodging
 - Level 4.1 Stealth
 - Level 2.1 Spellcasting
 + Level 6.9 Hexes


You had one spell level left.
You knew the following spells:

 Your Spells              Type           Power        Failure   Level  Hunger
a - Corona                Hex            ###....      1%          1    #......
b - Ensorcelled Hibernat  Hex/Ice        #.....       8%          2    ###....
c - Tukima's Dance        Hex            ###.....     2%          3    ###....
d - Confuse               Hex            ###.....     2%          3    ###....


Dungeon Overview and Level Annotations

Branches:
Dungeon (5/15)
 Temple: D:4-7

Altars:
Elyvilon
Gozag
Ru
Uskayaw

Annotations:
D:4 ExOrienteLux's ghost, amateur GrEE


Innate Abilities, Weirdness & Mutations

You are small and have problems with some larger weapons.
You are carnivorous and can eat meat at any time.
You are partially covered in iridescent scales. (AC +2)
You tend to lose your temper in combat.
Your flesh is cold resistant. (rC+)
Your magical capacity is very low. (-20% MP)
Your system is resistant to poisons. (rPois)
You evolve.
Your spells are a little easier to cast, but a little less powerful.


Message History

The killer bee zombie is severely damaged.
The killer bee zombie hits you. x2
You barely miss the killer bee zombie.
The killer bee zombie is severely damaged.
The killer bee zombie hits you but does no damage.
You hit the killer bee zombie.
The killer bee zombie is almost destroyed.
The killer bee zombie hits you but does no damage.
The killer bee zombie hits you.
You hit the killer bee zombie.
The killer bee zombie is almost destroyed.
The killer bee zombie hits you.
* * * LOW HITPOINT WARNING * * *
You are too injured to fight recklessly!
You are too injured to fight recklessly!
You are too injured to fight recklessly!
You are too injured to fight recklessly!
You are too injured to fight recklessly!
The killer bee zombie hits you!
You die...

#..........##....## ..#
...##..##..##...@##...#
#..#### #..#.....Z....#
.# #..##............ .#
##+##.%..##...... #
#....# ...##? #.....
..# +..... ...# #....#
..# #.... ..#


You could see a killer bee zombie.

Vanquished Creatures
  Menkaure (D:5)
  An ogre (D:4)
  A hound (D:4)
  A bullfrog zombie (D:5)
  A bullfrog skeleton (D:5)
  An iguana (D:5)
  2 worker ants
  2 gnolls (D:4)
  10 adders
  A howler monkey skeleton (D:5)
  An ooze (D:3)
  An adder zombie (D:5)
  2 worms
  4 leopard geckos
  A ball python (D:3)
  4 bats
  2 giant cockroaches (D:2)
  8 hobgoblins
  5 jackals
  9 kobolds
  3 quokkas
  2 frilled lizards
  4 goblins
  A leopard gecko skeleton (D:3)
  7 rats
75 creatures vanquished.

Vanquished Creatures (others)
  A kobold (D:2)
1 creature vanquished.

Grand Total: 76 creatures vanquished

Notes
Turn   | Place    | Note
-------+----------+-------------------------------------------
     0 | D:1      | ImaNewbie the Kobold Enchanter began the quest for the Orb.
     0 | D:1      | Reached XP level 1. HP: 10/10 MP: 3/3
   163 | D:1      | Reached XP level 2. HP: 11/15 MP: 5/5
   285 | D:1      | Learned a level 2 spell: Ensorcelled Hibernation
  1154 | D:1      | Reached XP level 3. HP: 19/19 MP: 6/6
  1956 | D:2      | Found a white marble altar of Elyvilon.
  1986 | D:2      | Gained mutation: Your magical capacity is low. (-10% MP) [potion of mutation]
  1986 | D:2      | Gained mutation: You are partially covered in iridescent scales. (AC +2) [potion of mutation]
  1986 | D:2      | Gained mutation: You tend to lose your temper in combat. [potion of mutation]
  2028 | D:2      | Reached XP level 4. HP: 10/24 MP: 3/6
  2544 | D:2      | Reached skill level 5 in Short Blades
  2655 | D:2      | Gained mutation: You evolve. [potion of mutation]
  2655 | D:2      | Gained mutation: Your magical capacity is very low. (-20% MP) [potion of mutation]
  2969 | D:3      | Found a white marble altar of Elyvilon.
  3302 | D:3      | Reached XP level 5. HP: 19/28 MP: 0/6
  3429 | D:3      | You fall through a shaft!
  3489 | D:4      | Noticed ExOrienteLux's ghost (amateur GrEE)
  3737 | D:3      | Gained mutation: Your spells are a little easier to cast, but a little less powerful. [evolution]
  3950 | D:3      | You fall through a shaft!
  3993 | D:4      | Reached skill level 4 in Hexes
  4498 | D:3      | Found an opulent altar of Gozag.
  4698 | D:3      | Learned a level 3 spell: Tukima's Dance
  4750 | D:4      | Found a hide-covered altar of Uskayaw.
  4751 | D:4      | Noticed a hand axe
  4751 | D:4      | Noticed a dagger
  4871 | D:4      | Reached XP level 6. HP: 32/32 MP: 7/7
  5260 | D:4      | Found a sacrificial altar of Ru.
  5329 | D:3      | Learned a level 3 spell: Confuse
  5409 | D:4      | Noticed an ogre
  5413 | D:4      | Killed an ogre
  5413 | D:4      | Reached skill level 5 in Hexes
  5575 | D:5      | Entered Level 5 of the Dungeon
  5646 | D:5      | Gained mutation: Your system is resistant to poisons. (rPois) [potion of mutation]
  5646 | D:5      | Gained mutation: Your flesh is cold resistant. (rC+) [potion of mutation]
  5654 | D:5      | Noticed Menkaure
  5664 | D:5      | Killed Menkaure
  5664 | D:5      | Reached skill level 6 in Hexes
  5664 | D:5      | Reached XP level 7. HP: 36/36 MP: 4/8
  6044 | D:5      | Slain by a killer bee zombie

Skill      XL: |  1  2  3  4  5  6 |
---------------+-------------------+-----
Short Blades   | 2 3 4 5 |  5.5
Hexes          | 4 6 |  6.9
Dodging        | |  2.4
Stealth        | |  4.1
Spellcasting   | |  2.1

Action                   |  1- 3 |  4- 6 |  7- 9 || total
-------------------------+-------+-------+-------++-------
Melee: Dagger            |   172 |   318 |   109 ||   599
Throw: Throwing net      |       |     1 |       ||     1
 Cast: Ensorcelled Hiber |     4 |    15 |     8 ||    27
       Corona            |     1 |       |       ||     1
       Confuse           |       |     1 |       ||     1
  Use: Potion            |     3 |     3 |       ||     6
       Scroll            |     3 |     3 |       ||     6
 Stab: Sleeping          |     6 |    12 |     2 ||    20
       Confused          |       |     1 |       ||     1
  Eat: Chunk             |    12 |    13 |     2 ||    27
Armor: Robe              |    43 |    93 |    30 ||   166
Dodge: Dodged            |   123 |   219 |    92 ||   434
